 Dungeon Sprint DCSS version 0.19.3-4-gbf9329e (webtiles) character file.

945 Kagutsuchi the Fighter (level 7, -10/111 HPs)
             Began as a White Draconian Berserker on Jan 27, 2017.
             Was a High Priest of Trog.
             Mangled by a polar bear (12 damage)
             ... in the Dungeon (Sprint II: "The Violet Keep of Menkaure").
             The game lasted 00:04:21 (898 turns).

Kagutsuchi the Fighter (White Draconian Berserker)   Turns: 898, Time: 00:04:21

Health: -10/111    AC:  6    Str: 25    XL:     7   Next: 89%
Magic:  7/7        EV: 17    Int:  7    God:    Trog [*****.]
Gold:   300        SH:  0    Dex: 12    Spells: 0 memorised, 6 levels left

rFire  . . .     SeeInvis .     k - +0 short sword (flame)
rCold  + . .     Gourm    .     (armour unavailable)
rNeg   . . .     Faith    .     (no shield)
rPois  .         Spirit   .     (helmet restricted)
rElec  .         Reflect  .     (no cloak)
rCorr  .         Harm     .     (no gloves)
MR     .....     NoTele   +     (no boots)
Stlth  ..........               (no amulet)
                                (no ring)
                                (no ring)

@: berserking, drained, very quick
A: breathe frost, unfitting armour, cold resistance 1, cold-blooded, AC +6
a: Breathe Frost, Berserk, Trog's Hand, Brothers in Arms, Burn Spellbooks,
Renounce Religion


You were in the Dungeon.
You worshipped Trog.
Trog was extremely pleased with you.
You were not hungry.

You visited 1 branch You collected 972 gold pieces.
You spent 672 gold pieces at shops.

Inventory:

Hand Weapons
 a - a +0 falchion
 i - a +0 trident
 k - a +0 short sword of flaming (weapon)
Missiles
 m - 5 needles of sleeping
Armour
 l - a +0 chain mail
Scrolls
 h - a scroll of blinking
Potions
 c - 4 potions of curing
 e - a potion of haste
 f - 2 potions of magic
 g - a potion of berserk rage
 j - a potion of resistance
Comestibles
 b - 2 bread rations


   Skills:
 + Level 11.1(11.0) Fighting
 + Level 10.7(10.5) Long Blades
 + Level 9.5(9.4) Dodging
 + Level 0.6(0.5) Stealth


You had 6 spell levels left.
You didn't know any spells.

Dungeon Overview and Level Annotations

Branches:
Dungeon (1/1)

Altars:
Cheibriados
Dithmenos
Elyvilon
Fedhas
Gozag
Hepliaklqana
Kikubaaqudgha
Makhleb
Nemelex Xobeh
Okawaru
Qazlal
Ru
Sif Muna
Trog
Uskayaw
Vehumet
Xom
Yredelemnul
Zin
The Shining One
Beogh
Jiyva
Lugonu

Shops:
D !?:!:[}(}%==[!=(

Annotations:
D exclusion: oklob plant


Innate Abilities, Weirdness & Mutations

You can breathe waves of freezing cold.
You can buffet flying creatures when you breathe cold.
Your icy white scales are hard. (AC +6)
You cannot fit into any form of body armour.
Your flesh is cold resistant. (rC+)
You are cold-blooded and may be slowed by cold attacks.


Message History

* * * LOW HITPOINT WARNING * * *
The polar bear misses you. x2; The hornet closely misses you.
Unknown command.
You barely miss the polar bear.
The polar bear is lightly wounded.
The polar bear closely misses you. The polar bear misses you.
The polar bear claws you.
* * * LOW HITPOINT WARNING * * *
The yaktaur barely misses you.
The hornet stings you but does no damage.
The polar bear closely misses you. The polar bear claws you.
* * * LOW HITPOINT WARNING * * *
The polar bear claws you but does no damage.
You puncture the polar bear! You burn the polar bear.
The polar bear is heavily wounded.
You hit the polar bear. You burn the polar bear.
The polar bear is severely wounded.
The hornet stings you but does no damage.
The polar bear bites you!
You die...

#..##.#### +.### ##..#
...# ...# .#.####..##
#..# .# #†###.##..# +..#
.# ) #.##...#..# #..# .#
?) .<.÷.# +..####..##.#
%!=
#.##÷..#....###.h.##▓▓▓▓
#†###.##......≈chy≈≈≈≈≈≈
#†#####§≈....§≈#@#######
.#..#≈≈≈≈≈≈≈..≈#.h..._._
.#.##§≈≈≈≈§≈§.≈#...._._.
#+##≈≈≈§≈≈§§≈≈≈#..._._._
≈≈≈≈≈≈≈≈≈≈§§≈≈≈#.._._._.
+#+++#≈§≈≈§≈§≈≈#._._._._


zzzz ##≈≈≈###§§#_._._._. zzz≈≈≈##≈≈# #≈≈#._._._.. §§§§§≈.+§≈# #§§#.._._... You
could see 3 polar bears, a yaktaur and a hornet.

Vanquished Creatures
  A siren (D)
  Menkaure (D)
  4 necrophages (D)
  A hell rat (D)
  4 worker ants (D)
  3 worms (D)
14 creatures vanquished.

Vanquished Creatures (others)
  A crocodile (D)
1 creature vanquished.

Grand Total: 15 creatures vanquished

Notes
Turn   | Place    | Note
-------+----------+-------------------------------------------
     0 | D        | Kagutsuchi the Draconian Berserker began the quest for the Orb.
     0 | D        | Reached XP level 1. HP: 19/19 MP: 1/1
     1 | D        | Noticed a necrophage
     1 | D        | Noticed a necrophage
     1 | D        | Noticed a necrophage
     1 | D        | Noticed a necrophage
     5 | D        | Killed a necrophage
     5 | D        | Reached skill level 6 in Fighting
     5 | D        | Reached skill level 5 in Long Blades
     5 | D        | Reached skill level 5 in Dodging
     5 | D        | Reached XP level 2. HP: 31/31 MP: 2/2
     5 | D        | Reached XP level 3. HP: 38/38 MP: 3/3
     5 | D        | Reached XP level 4. HP: 45/45 MP: 4/4
     7 | D        | Killed a necrophage
     7 | D        | Reached skill level 7 in Fighting
     7 | D        | Reached XP level 5. HP: 52/52 MP: 5/5
    11 | D        | Killed a necrophage
    11 | D        | Reached ** piety under Trog
    11 | D        | Reached skill level 8 in Fighting
    15 | D        | Killed a necrophage
    15 | D        | Reached skill level 9 in Fighting
    15 | D        | Reached XP level 6. HP: 63/63 MP: 6/6
    64 | D        | Noticed a siren
    70 | D        | Killed a siren
    70 | D        | Reached *** piety under Trog
    70 | D        | Reached skill level 10 in Fighting
    70 | D        | Reached skill level 10 in Long Blades
    70 | D        | Your scales start taking on an icy white colour.
    70 | D        | Reached XP level 7. HP: 73/73 MP: 7/7
    70 | D        | Gained mutation: Your flesh is cold resistant. (rC+) [White Draconian growth]
   275 | D        | Reached **** piety under Trog
   326 | D        | Found Naiweexe's Antique Weapon Shop.
   326 | D        | Found Xukke's Jewellery Boutique.
   326 | D        | Found Qonoa's Jewellery Shop.
   326 | D        | Found Oqestelu's Antique Armour Shop.
   326 | D        | Found Leomys's Food Boutique.
   326 | D        | Found Buzydy's Jewellery Boutique.
   326 | D        | Found Noefuz's Gadget Shop.
   327 | D        | Found Utaicysk's Antique Weapon Shop.
   328 | D        | Found Othrunwur's Gadget Shop.
   328 | D        | Found Dotipsya's Antique Armour Boutique.
   328 | D        | Noticed a yak
   329 | D        | Found Usuij's Distillery.
   329 | D        | Noticed a yak
   330 | D        | Found Nupseuk's Book Shop.
   330 | D        | Found Tejy's Distillery.
   330 | D        | Noticed Menkaure
   330 | D        | Noticed a yak
   330 | D        | Noticed an oklob plant
   331 | D        | Found Qipy's Magic Scroll Shop.
   331 | D        | Found Nang's Distillery.
   331 | D        | Found Ogeomodgh's Book Shoppe.
   332 | D        | Noticed a hell hog
   335 | D        | Noticed a hell hog
   350 | D        | Killed Menkaure
   350 | D        | Reached ***** piety under Trog
   350 | D        | Reached skill level 11 in Fighting
   527 | D        | Bought a potion of curing for 42 gold pieces
   527 | D        | Bought a potion of curing for 42 gold pieces
   535 | D        | Bought a potion of resistance for 120 gold pieces
   535 | D        | Bought a potion of heal wounds for 60 gold pieces
   535 | D        | Bought a potion of curing for 36 gold pieces
   537 | D        | Bought a runed short sword for 252 gold pieces
   545 | D        | Noticed a flying skull
   551 | D        | Noticed a flying skull
   554 | D        | Noticed a flying skull
   569 | D        | Received a gift from Trog
   739 | D        | Bought a bread ration for 50 gold pieces
   739 | D        | Bought a royal jelly for 20 gold pieces
   739 | D        | Bought a bread ration for 50 gold pieces
   857 | D        | Noticed a flying skull
   859 | D        | Noticed a flying skull
   859 | D        | Noticed a flying skull
   860 | D        | Noticed a flying skull
   863 | D        | Noticed a flying skull
   864 | D        | Noticed a flying skull
   864 | D        | Noticed a flying skull
   864 | D        | Noticed a flying skull
   865 | D        | Noticed a flying skull
   878 | D        | Found a roughly hewn altar of Beogh.
   879 | D        | Found a snail-covered altar of Cheibriados.
   880 | D        | Found a shadowy altar of Dithmenos.
   880 | D        | Found a viscous altar of Jiyva.
   881 | D        | Found a white marble altar of Elyvilon.
   881 | D        | Found an ancient bone altar of Kikubaaqudgha.
   882 | D        | Found a blossoming altar of Fedhas.
   882 | D        | Found a corrupted altar of Lugonu.
   882 | D        | Found a deep blue altar of Sif Muna.
   883 | D        | Found an opulent altar of Gozag.
   883 | D        | Found a burning altar of Makhleb.
   883 | D        | Found a bloodstained altar of Trog.
   884 | D        | Found a sparkling altar of Nemelex Xobeh.
   884 | D        | Found a hide-covered altar of Uskayaw.
   885 | D        | Found an iron altar of Okawaru.
   885 | D        | Found a radiant altar of Vehumet.
   885 | D        | Found a glowing golden altar of the Shining One.
   885 | D        | Found a glowing silver altar of Zin.
   885 | D        | Noticed a polar bear
   886 | D        | Noticed a polar bear
   886 | D        | Noticed a polar bear
   887 | D        | Found a hazy altar of Hepliaklqana.
   887 | D        | Found a sacrificial altar of Ru.
   887 | D        | Found a basalt altar of Yredelemnul.
   888 | D        | Found a stormy altar of Qazlal.
   888 | D        | Found a shimmering altar of Xom.
   889 | D        | Noticed a yaktaur
   889 | D        | Noticed a hornet
   891 | D        | Paralysed by a hornet for 1 turns
   896 | D        | HP: 2/111 [polar bear (5)]
   898 | D        | Mangled by a polar bear

Skill      XL: |  1  2  3  4  5  6  7 |
---------------+----------------------+-----
Fighting       | 6 7 9 10 11 | 11.1
Long Blades    | 5 6 8 10 | 10.7
Dodging        | 5 6 7 9 |  9.5
Stealth        | |  0.6

Action                   |  1- 3 |  4- 6 |  7- 9 || total
-------------------------+-------+-------+-------++-------
Melee: Falchion          |     3 |    12 |    48 ||    63
       Tailslap          |     2 |     5 |    15 ||    22
       Short sword       |       |       |    28 ||    28
Invok: Berserk           |     1 |     1 |     1 ||     3
  Use: Potion            |       |       |     2 ||     2
  Eat: Bread ration      |       |       |     1 ||     1
       Royal jelly       |       |       |     1 ||     1
Armor: Skin              |       |     1 |    14 ||    15
Dodge: Dodged            |     1 |    10 |    67 ||    78
       Rpst.: Falchion   |       |     6 |     1 ||     7
